 Dungeon Crawl Stone Soup version 0.26.0-8-g74fc34ddfb (webtiles) character file.

Game seed: 3564686922185189178

71 petra the Gusty (level 4, -3/34 HPs)
             Began as a Gnoll Wanderer on Jan 12, 2021.
             Slain by a phantom (7 damage)
             ... on level 3 of the Dungeon.
             The game lasted 00:12:14 (3094 turns).

petra the Gusty (Gnoll Wanderer)                    Turns: 3094, Time: 00:12:14

Health: -3/34      AC:  2    Str: 14    XL:     4   Next: 24%
Magic:  2/8        EV: 16    Int: 15    God:
Gold:   180        SH:  0    Dex: 15    Spells: 4/9 levels left

rFire    . . .     SeeInvis .   a - +0 club
rCold    . . .     Faith    .   (no shield)
rNeg     . . .     Spirit   .   d - +0 robe
rPois    .         Reflect  .   (helmet currently unavailable)
rElec    .         Harm     .   (no cloak)
rCorr    .         Rampage  .   (no gloves)
Will     +....                  (boots currently unavailable)
Stlth    ++........             (no amulet)
HPRegen  0.11/turn              m - +4 ring of evasion
MPRegen  0.11/turn              l - ring of willpower (curse)

@: appendages (expiring)
A: distributed training, fangs 1, horns 2, talons 2, strong nose
a: End Transformation


You were on level 3 of the Dungeon.
You had grown temporary horns.
You had grown temporary talons.
You visited 1 branch of the dungeon, and saw 3 of its levels.

You collected 180 gold pieces.

Inventory:

Hand Weapons
 a - a +0 club (weapon)
 i - a +0 whip
Missiles
 b - 79 stones (quivered)
Armour
 d - a +0 robe (worn)
Jewellery
 l - a cursed ring of willpower (right hand)
 m - a +4 ring of evasion (left hand)
Scrolls
 c - 2 scrolls of identify {unknown}
 e - a scroll of magic mapping {unknown}
 f - a scroll of fear
 g - 2 scrolls of amnesia
 h - a scroll of immolation {unknown}
 j - a scroll of fog {unknown}
 k - a scroll of blinking {unknown}


   Skills:
 + Level 2.7 Fighting
 + Level 1.1 Short Blades
 + Level 1.1 Long Blades
 + Level 1.1 Axes
 + Level 1.1 Maces & Flails
 + Level 1.1 Polearms
 + Level 1.1 Staves
 + Level 1.1 Slings
 + Level 1.1 Bows
 + Level 2.7 Crossbows
 + Level 2.7 Throwing
 + Level 2.7 Armour
 + Level 1.1 Dodging
 + Level 2.5 Stealth
 + Level 1.1 Shields
 + Level 1.1 Unarmed Combat
 + Level 3.0 Spellcasting
 + Level 0.8 Conjurations
 + Level 0.8 Hexes
 + Level 0.8 Summonings
 + Level 0.8 Necromancy
 + Level 0.8 Translocations
 + Level 0.8 Transmutations
 + Level 0.8 Fire Magic
 + Level 0.8 Ice Magic
 + Level 5.4 Air Magic
 + Level 0.8 Earth Magic
 + Level 2.2 Poison Magic
 + Level 1.2 Invocations
 + Level 1.1 Evocations


You had 4 spell levels left.
You knew the following spells:

 Your Spells              Type           Power        Failure   Level
a - Shock                 Conj/Air       44%          5%          1
b - Swiftness             Air            18%          3%          2
c - Foxfire               Conj/Fire      16%          14%         1
d - Beastly Appendage     Tmut           8%           14%         1

Your spell library contained the following spells:

 Spells                   Type           Power        Failure   Level
 Static Discharge         Conj/Air       11%          16%         3
 Airstrike                Air            9%           22%         4
 Ignite Poison            Fire/Tmut/Pois 6%           34%         3
 Lightning Bolt           Conj/Air       5%           83%         5


Dungeon Overview and Level Annotations

Branches:
Dungeon (3/15)

Altars:


Innate Abilities, Weirdness & Mutations

Your experience applies equally to all skills.
You have very sharp teeth.
Your uncanny sense of smell can sniff out nearby items.
You have a pair of horns on your head.
You have razor-sharp toenails.


Message History

The phantom is moderately damaged.
The phantom hits you.
You hit the phantom.
The phantom is moderately damaged.
The phantom hits you.
You aren't carrying any potions.
As you read the scroll of fear, it crumbles to dust.
You assume a fearsome visage.
The phantom is unaffected.
The phantom hits you!
* * * LOW HITPOINT WARNING * * *
The phantom blinks!
Your magical contamination has completely faded away.
Casting: Foxfire (safe; 14% risk of failure)
Confirm with . or Enter, or press ? or * to list all spells.
You grow a pair of large bovine horns.
Your feet morph into talons.
The phantom closely misses you.
Your transformation is almost over.
The phantom hits you.
* * * LOW HITPOINT WARNING * * *
The phantom hits you!
You die...

#.............##.
####.########[##.
######......###.##.
#..................
#.†...#............
#.....#............
#.....#............
#..W..########.....
#.@...# #..........
#..........
#........##
####.....# #.....#
#....... .......


You could see a phantom.

Vanquished Creatures
  3 adders
  A ball python (D:2)
  6 giant cockroaches
  2 goblins (D:2)
  2 hobgoblins
  4 jackals (D:2)
  6 kobolds
  2 quokkas
  6 bats
  6 frilled lizards
  4 rats
42 creatures vanquished.

Vanquished Creatures (others)
  15 foxfires
15 creatures vanquished.

Grand Total: 57 creatures vanquished

Notes
Turn   | Place    | Note
-------+----------+-------------------------------------------
     0 | D:1      | petra the Gnoll Wanderer began the quest for the Orb.
     0 | D:1      | petra set off with the following items: a +0 club, a +0
                  | robe; and the following spells available to memorise:
                  | Swiftness, Shock, Beastly Appendage, Foxfire, Static
                  | Discharge, Airstrike, Ignite Poison, Lightning Bolt
     0 | D:1      | Reached XP level 1. HP: 17/17 MP: 4/4
     2 | D:1      | Learned a level 1 spell: Shock
   471 | D:1      | Reached XP level 2. HP: 23/23 MP: 1/5
  1678 | D:2      | Reached XP level 3. HP: 28/28 MP: 5/7
  1739 | D:2      | Reached skill level 1 in Invocations
  2109 | D:2      | Learned a level 2 spell: Swiftness
  2111 | D:2      | Learned a level 1 spell: Foxfire
  2113 | D:2      | Learned a level 1 spell: Beastly Appendage
  2850 | D:3      | Reached skill level 1 in Short Blades
  2850 | D:3      | Reached skill level 1 in Long Blades
  2850 | D:3      | Reached skill level 1 in Axes
  2850 | D:3      | Reached skill level 1 in Maces & Flails
  2850 | D:3      | Reached skill level 1 in Polearms
  2850 | D:3      | Reached skill level 1 in Staves
  2850 | D:3      | Reached skill level 1 in Slings
  2850 | D:3      | Reached skill level 1 in Bows
  2850 | D:3      | Reached skill level 1 in Dodging
  2850 | D:3      | Reached skill level 1 in Shields
  2850 | D:3      | Reached skill level 1 in Unarmed Combat
  2850 | D:3      | Reached skill level 1 in Evocations
  2923 | D:3      | Reached XP level 4. HP: 28/34 MP: 2/8
  3046 | D:3      | Noticed a phantom
  3094 | D:3      | Slain by a phantom

Illustrated notes

Levels and vault maps discovered:
D:1:      dpeg_arrival_refuge, layout_basic
D:2:      layout_loops_ring
D:3:      layout_basic, makhleb_blood_cavern_becter, lemuel_crystal_altar,
          gammafunk_ghost_split

Skill      XL: |  1  2  3  4 |
---------------+-------------+-----
Poison Magic   | 2 |  2.2
Invocations    | 1 |  1.2
Short Blades   | 1 |  1.1
Long Blades    | 1 |  1.1
Axes           | 1 |  1.1
Maces & Flails | 1 |  1.1
Polearms       | 1 |  1.1
Staves         | 1 |  1.1
Slings         | 1 |  1.1
Bows           | 1 |  1.1
Dodging        | 1 |  1.1
Shields        | 1 |  1.1
Unarmed Combat | 1 |  1.1
Evocations     | 1 |  1.1
Spellcasting   | 3 |  3.0
Fighting       | |  2.7
Crossbows      | |  2.7
Throwing       | |  2.7
Armour         | |  2.7
Stealth        | |  2.5
Conjurations   | |  0.8
Hexes          | |  0.8
Summonings     | |  0.8
Necromancy     | |  0.8
Translocations | |  0.8
Transmutations | |  0.8
Fire Magic     | |  0.8
Ice Magic      | |  0.8
Air Magic      | |  5.4
Earth Magic    | |  0.8

Action                   |  1- 3 |  4- 6 || total
-------------------------+-------+-------++-------
Melee: Club              |    53 |    14 ||    67
       Bite              |     3 |       ||     3
       Punch             |     2 |       ||     2
Throw: Stone             |    14 |       ||    14
 Cast: Shock             |    64 |     3 ||    67
       Foxfire           |     5 |     5 ||    10
       Swiftness         |     1 |     1 ||     2
       Beastly Appendage |       |     1 ||     1
  Use: Scroll            |     2 |     1 ||     3
       Potion            |     1 |       ||     1
 Stab: Sleeping          |     1 |       ||     1
Armor: Robe              |    14 |       ||    14
Dodge: Dodged            |    55 |    14 ||    69
